 Dungeon Crawl Stone Soup version 0.26-a0-663-g36e8fdb655 (webtiles) character file.

Game seed: 11737188696257647817

7 Grim the Vexing (level 1, -4/10 HPs)
             Began as a Deep Elf Enchanter on Oct 11, 2020.
             Slain by a kobold
             ... wielding a +1 short sword of speed
              (6 damage)
             ... on level 1 of the Dungeon.
             The game lasted 00:00:58 (309 turns).

Grim the Vexing (Deep Elf Enchanter)                 Turns: 309, Time: 00:00:59

Health: -4/10      AC:  2    Str:  5    XL:     1   Next: 91%
Magic:  4/6        EV: 13    Int: 19    God:
Gold:   23         SH:  0    Dex: 15    Spells: 5/6 levels left

rFire    . . .     SeeInvis .   a - +1 dagger
rCold    . . .     Faith    .   (no shield)
rNeg     . . .     Spirit   .   b - +0 robe
rPois    .         Reflect  .   (no helmet)
rElec    .         Harm     .   (no cloak)
rCorr    .         Rampage  .   (no gloves)
MR       .....                  (no boots)
Stlth    ++........             (no amulet)
HPRegen  0.03/turn              (no ring)
MPRegen  0.10/turn              (no ring)

@: no status effects
A: no striking features
a: no special abilities


You were on level 1 of the Dungeon.
You visited 1 branch of the dungeon, and saw 1 of its levels.

You collected 23 gold pieces.

Inventory:

Hand Weapons
 a - a +1 dagger (weapon)
Armour
 b - a +0 robe (worn)
Scrolls
 c - a scroll of identify {unknown}
Potions
 d - a potion of lignification {unknown}


   Skills:
 + Level 1.5 Short Blades
 - Level 2.4 Dodging
 - Level 3.6 Stealth
 - Level 3.0 Spellcasting
 + Level 4.3 Hexes


You had 5 spell levels left.
You knew the following spells:

 Your Spells              Type           Power        Failure   Level
a - Corona                Hex            ###....      2%          1

Your spell library contained the following spells:

 Spells                   Type           Power        Failure   Level
 Confusing Touch          Hex            ###.....     8%          3
 Tukima's Dance           Hex            ###.....     8%          3
 Ensorcelled Hibernation  Hex/Ice        ##....       10%         2
 Dazzling Flash           Conj/Hex       ##....       19%         3


Dungeon Overview and Level Annotations

Branches:
Dungeon (1/15)

Altars:


Message History

The bat is moderately wounded.
The bat closely misses you.
Casting: Corona (safe; 2% risk of failure)
Confirm with . or Enter, or press ? or * to list all spells.
Aiming: Corona (safe; 2% risk of failure)
Press: ? - help, Shift-Dir - straight line, f/p - bat
Aim: a bat (moderately wounded, softly glowing, chance to defeat MR: 73%)
The kobold is outlined in light.
The kobold throws a stone.
The stone closely misses you.
The kobold throws a stone.
The stone completely misses you.
You barely miss the kobold.
A giant cockroach comes into view.
The kobold barely misses you.
You hit the kobold but do no damage.
The kobold hits you with a +1 short sword of speed.
* * * LOW HITPOINT WARNING * * *
You barely miss the kobold.
The kobold hits you with a +1 short sword of speed.
Ouch! That really hurt!
You die...

##. #..........###### ###.
#.. # #............... .....
...#.##..####..####### ##....
....##..## #......#####....#
#.....## #..###.......#
#.#...####....########..##.##
##†.......#.###(...........#
##...#######. #.######.......
..†..# .. #@# ...#### .#..###
#.# #K# ....# .†....#### #b#
.##..#
#..............†......### #.#
#.###.####.#............ .#
..# .# #....B.....## ### .#
#..........# . ............#
# #.##..#......#


You could see a giant cockroach, a bat (corona) and a kobold (corona).

Vanquished Creatures
  A bat (D:1)
  A giant cockroach (D:1)
  A goblin (D:1)
  3 frilled lizards (D:1)
  2 rats (D:1)
8 creatures vanquished.

Notes
Turn   | Place    | Note
-------+----------+-------------------------------------------
     0 | D:1      | Grim the Deep Elf Enchanter began the quest for the Orb.
     0 | D:1      | Reached XP level 1. HP: 10/10 MP: 6/6
   309 | D:1      | Slain by a kobold

Illustrated notes

Levels and vault maps discovered:
D:1:      dpeg_arrival_tiny_j, layout_rooms, minivault_23, minmay_bisected

Action                   || total
-------------------------++-------
Melee: Dagger            ||    34
 Cast: Corona            ||    10
Armor: Robe              ||    13
Dodge: Dodged            ||    43

Table legend: (Time is in decaauts)
 A = Elapsed time spent in this place.
 B = Non-inter-level travel time spent in this place.
 C = Inter-level travel time spent in this place.
 D = Time resting spent in this place.
 E = Time spent auto-exploring this place.
 F = Levels seen in this place.
 G = Mean time per level.
                   A        B        C        D        E       F      G
               +--------+--------+--------+--------+--------+-----+--------+
         Total |    307 |    307 |      0 |    194 |     40 |   1 |  307.0 |
       Dungeon |    307 |    307 |      0 |    194 |     40 |   1 |  307.0 |
               +--------+--------+--------+--------+--------+-----+--------+

Top non-repeatable levels by time:
     D:1: 307 daAuts
